 Dungeon Crawl Stone Soup version 0.31-a0-986-g5e6e4ef867 (webtiles) character file.

Game seed: 8071295847003187235

8568 RepHenryClay the Nimble (level 11, -16/86 HPs)
             Began as a Merfolk Shapeshifter on Nov 17, 2023.
             Was a Believer of Makhleb.
             Demolished by Snorg (26 damage)
             ... on level 10 of the Dungeon.
             The game lasted 00:17:47 (10485 turns).

RepHenryClay the Nimble (Merfolk Shapeshifter)     Turns: 10485, Time: 00:17:48

Health: -16/86     AC:  4    Str: 13 (14) XL:     11   Next: 32%
Magic:  11/11      EV: 21    Int:  6 (9)  God:    Makhleb [**....]
Gold:   858        SH:  0    Dex: 18 (19) Spells: 10/10 levels left

rFire   . .          .
                       - Unarmed
rCold   . . .        (no shield)
rNeg    . . .        v - +1 leather armour {rPois}
rPois   +            r - melded +1 helmet
rElec   .            M - melded +0 cloak
rCorr   .            (gloves currently unavailable)
SInv    .            (boots currently unavailable)
Will    .....        (no amulet)
Stlth   +            (no ring)
HPRegen 0.34/turn    (no ring)
MPRegen 0.12/turn

%: no passive effects
@: beast-form, hasted, studying Staves, very quick
A: beast (slay +4), (nimble swimmer 2), mertail
a: Begin Untransformation, Renounce Religion, Minor Destruction


You were on level 10 of the Dungeon.
You worshipped Makhleb.
Makhleb was pleased with you.
You were a hulking beast.
You visited 2 branches of the dungeon, and saw 13 of its levels.
You also visited: Ossuary.

You collected 858 gold pieces.

Inventory:

Hand Weapons
 n - the +6 shillelagh "Devastator" {shatter}
   (You found it on level 9 of the Dungeon)
Missiles
 m - 11 poisoned darts (quivered)
Armour
 a - a +0 animal skin
 r - a +1 helmet (melded)
 v - a +1 leather armour of poison resistance (worn)
 G - a +0 troll leather armour
 M - a +0 cloak (melded)
Jewellery
 h - a ring of fire
 p - an amulet of guardian spirit
 y - a ring of fire
 z - a +6 ring of intelligence
 L - a ring of fire
Talismans
 c - a beast talisman (active)
 d - a flux talisman
 u - a maw talisman
Wands
 H - a wand of polymorph (8)
Scrolls
 e - a scroll of amnesia
 f - 2 scrolls of torment
 g - 2 scrolls of immolation
 j - 2 scrolls of noise
 l - a scroll of silence
 q - 2 scrolls of fog
 w - a scroll of enchant armour
 A - a scroll of brand weapon
 C - a scroll of enchant weapon
Potions
 b - 3 potions of lignification
 o - 2 potions of brilliance
 t - a potion of enlightenment
 x - 3 potions of might
 D - 2 potions of magic
 I - a potion of mutation {unknown}
 J - a potion of ambrosia {unknown}
Miscellaneous
 B - a lightning rod (4/4)


   Skills:
 + Level 8.2 Fighting
 * Level 14.5 Dodging
 + Level 9.4 Unarmed Combat
 - Level 10.0 Shapeshifting


You had 10 spell levels left.
You didn't know any spells.
Your spell library contained the following spells:

 Spells                   Type           Power      Damage    Failure   Level
 Frozen Ramparts          Ice            0%         1d1       88%         3
 Petrify                  Tmut/Erth      0%         N/A       99%         4
 Metabolic Englaciation   Hex/Ice        0%         N/A       100%        5


Dungeon Overview and Level Annotations

Branches:
Dungeon (12/15)            Temple (1/1) D:5             Orc (0/2) D:9
Ossuary (visited)
   Lair: D:8-11

Altars:
Ashenzari
Dithmenos
Elyvilon
Gozag
Hepliaklqana
Kikubaaqudgha
Makhleb
Nemelex Xobeh
Okawaru
Qazlal
Ru
Sif Muna
Uskayaw
Vehumet
Wu Jian
Xom
Yredelemnul
The Shining One

Shops:
D:7 *

Annotations:
D:3 2 transporters
D:10 Snorg


Innate Abilities, Weirdness & Mutations

You are a hulking beast.
Your limbs bulge with bestial killing power. (Slay +4)
((You are very nimble when in or above water. (Stealth+, EV+, Speed+++)))
Your lower body shifts to a powerful aquatic tail in water.


Message History

There is a stone staircase leading up here.
The black bear bites you!
* * * LOW HITPOINT WARNING * * *
The black bear claws you.
* * * LOW HITPOINT WARNING * * *
The black bear closely misses you.
You climb upwards.
Snorg shouts!
Snorg goes berserk!
There is a stone staircase leading down here.
Huge Dmg: -9%(-8hp) hp: 25%(21hp) Level annotation: Snorg Welcome back, RepHenryClay the Merfolk Shapeshifter.
Blood and souls for Makhleb!
Press ? for a list of commands and other information.
You feel yourself speed up. The black bear misses you. x2
The black bear claws you.
* * * LOW HITPOINT WARNING * * *
Damage: -5%(-4hp) hp: 20%(17hp) Level annotation: Snorg Welcome back, RepHenryClay the Merfolk Shapeshifter.
Blood and souls for Makhleb!
Press ? for a list of commands and other information.
Unknown command.
Okay, then.
Unknown command.
Snorg bites you but does no damage. Snorg closely misses you. Snorg claws you!
* * * LOW HITPOINT WARNING * * *
Huge Dmg: -9%(-8hp) hp: 11%(9hp) Level annotation: Snorg Welcome back, RepHenryClay the Merfolk Shapeshifter.
Blood and souls for Makhleb!
Press ? for a list of commands and other information.
Okay, then.
Okay, then.
It was a potion of degeneration.
There was something very wrong with that liquid.
You feel weakened.
You feel dopey.
You feel clumsy. Snorg bites you!!
You die...

#######...# #.
.. ..
#.........# .
## ...
.........+####
...
#...........#
#..........
#........#
#........+
#....h...#
#...hT..##
#.......#
#.......#
#.......#
###.......
#........
#.......##
#.......#


You could see Snorg (berserk) and a black bear.

Vanquished Creatures
  5 two-headed ogres
  A kobold demonologist (D:9)
  A gargoyle (D:9)
  A troll (D:7)
  Sigmund (D:3)
  A wraith (D:11)
  8 yaks (D:9)
  Menkaure (D:7)
  An ice beast (D:5)
  3 orc warriors
  A sky beast (D:8)
  An ogre (D:6)
  5 centaurs
  3 phantoms
  4 bullfrogs
  3 scorpions
  4 wights (D:8)
  10 killer bees (D:9)
  7 electric eels (D:9)
  2 hounds
  3 jellies
  A gnoll bouda (D:7)
  An orc priest (D:9)
  2 sleepcaps
  3 iguanas (D:6)
  6 orc wizards
  8 mummies (Ossuary)
  8 gnolls
  7 adders
  2 shadow imps
  4 white imps
  A dart slug (D:2)
  18 orcs
  An endoplasm (D:3)
  2 gnoll zombies (Ossuary)
  A hobgoblin (D:3)
  5 jackals
  3 kobolds
  A quokka (D:3)
  2 ball pythons
  7 bats
  3 frilled lizards
  5 goblins
  2 hobgoblin zombies (Ossuary)
  4 orc zombies (Ossuary)
  A rat (D:1)
164 creatures vanquished.

Vanquished Creatures (others)
  An orc wizard (D:8)
1 creature vanquished.

Grand Total: 165 creatures vanquished

Notes
Turn   | Place    | Note
-------+----------+-------------------------------------------
     0 | D:1      | RepHenryClay the Merfolk Shapeshifter began the quest for
                  | the Orb.
     0 | D:1      | Reached XP level 1. HP: 15/15 MP: 1/1
   221 | D:1      | Reached XP level 2. HP: 20/21 MP: 2/2
   279 | D:1      | Reached skill level 3 in Dodging
   798 | D:2      | Reached XP level 3. HP: 23/27 MP: 3/3
  1180 | D:2      | Reached XP level 4. HP: 11/33 MP: 4/4
  1570 | D:3      | Reached skill level 4 in Dodging
  1685 | D:3      | Noticed a scorpion
  1692 | D:3      | Killed a scorpion
  1693 | D:3      | Reached XP level 5. HP: 31/38 MP: 5/5
  1806 | D:3      | Noticed Sigmund
  1840 | D:3      | Killed Sigmund
  1841 | D:3      | Reached skill level 5 in Dodging
  1841 | D:3      | Reached skill level 5 in Shapeshifting
  1841 | D:3      | Reached XP level 6. HP: 44/44 MP: 6/6
  1916 | D:3      | Found a transporter.
  1919 | D:3      | Found a transporter.
  2142 | D:4      | Reached skill level 6 in Dodging
  2485 | D:4      | Reached XP level 7. HP: 41/49 MP: 7/7
  2524 | D:4      | Found a white marble altar of Elyvilon.
  2554 | D:4      | Found a shimmering altar of Xom.
  2974 | D:5      | Entered Level 5 of the Dungeon
  3275 | D:5      | Found a staircase to the Ecumenical Temple.
  3283 | Temple   | Entered the Ecumenical Temple
  3299 | Temple   | Became a worshipper of Makhleb the Destroyer
  3371 | D:5      | Reached skill level 5 in Unarmed Combat
  3403 | D:5      | Reached skill level 7 in Dodging
  4144 | D:5      | Reached XP level 8. HP: 52/58 MP: 8/8
  4614 | D:6      | Reached skill level 8 in Dodging
  5305 | D:7      | Noticed Menkaure
  5312 | D:7      | Killed Menkaure
  5313 | D:7      | Reached skill level 9 in Dodging
  5452 | D:7      | Noticed a troll
  5477 | D:7      | Killed a troll
  5478 | D:7      | Reached XP level 9. HP: 16/66 MP: 9/9
  5595 | D:7      | Found Myne's Gadget Gallery.
  5796 | D:7      | Reached * piety under Makhleb
  5930 | D:8      | Reached skill level 10 in Dodging
  5950 | D:8      | Found a sand-covered staircase.
  5955 | Ossuary  | Entered an ossuary
  6292 | D:8      | Noticed a two-headed ogre
  6303 | D:8      | Killed a two-headed ogre
  6304 | D:8      | Reached skill level 10 in Shapeshifting
  6304 | D:8      | Reached skill level 5 in Fighting
  6850 | D:9      | Noticed a two-headed ogre
  6851 | D:9      | Noticed a two-headed ogre
  6867 | D:8      | Killed a two-headed ogre
  6867 | D:8      | Reached ** piety under Makhleb
  6868 | D:8      | Reached skill level 11 in Dodging
  6868 | D:8      | Reached XP level 10. HP: 16/76 MP: 10/10
  7338 | D:9      | Reached skill level 12 in Dodging
  7635 | D:9      | Noticed a gargoyle
  7649 | D:9      | Killed a gargoyle
  7901 | D:9      | HP: 3/77 [electric eel/bolt of electricity (4)]
  8746 | D:9      | Killed a two-headed ogre
  8747 | D:9      | Reached skill level 13 in Dodging
  8832 | D:9      | Found the +6 shillelagh "Devastator" {shatter}
  8915 | D:9      | Noticed a kobold demonologist
  8918 | D:9      | Noticed an orange demon
  8919 | D:9      | Noticed a sun demon
  9488 | D:9      | Found a staircase to the Orcish Mines.
  9574 | D:9      | Killed a kobold demonologist
  9756 | D:9      | Reached XP level 11. HP: 84/84 MP: 11/11
 10044 | D:9      | Noticed a two-headed ogre
 10054 | D:9      | Killed a two-headed ogre
 10055 | D:9      | Reached skill level 14 in Dodging
 10104 | D:10     | Entered Level 10 of the Dungeon
 10222 | D:10     | Noticed a two-headed ogre
 10235 | D:10     | Killed a two-headed ogre
 10366 | D:10     | You fall into a shaft and drop 2 floors!
 10366 | D:12     | Found an iron altar of Okawaru.
 10374 | D:12     | Noticed a two-headed ogre
 10468 | D:11     | Noticed a cyclops
 10482 | D:10     | Noticed Snorg
 10485 | D:10     | Demolished by Snorg

Illustrated notes

Levels and vault maps discovered:
D:1:      zaba_arrival_water, layout_loops_cross
D:2:      layout_loops_ring, serial_bayou_lake_a
D:3:      gammafunk_wand_slinger, layout_basic, minivault_11,
          serial_park_tiny_pond, uniq_sigmund
D:4:      layout_loops_cross, chequers_temple_overflow_statue_of_worship
D:5:      layout_layer_cave, minmay_temple_entry_junction
D:6:      layout_rooms, minmay_manual_maat
D:7:      layout_rooms, nicolae_shop_gadgets, uniq_menkaure
D:8:      layout_rooms, lightli_ossuary_entry_decrepit_ruins
D:9:      layout_basic, dilly_guarded_unrand_devastator
D:10:     layout_irregular_city, mainiacjoe_overflow_big_doors,
          mainiacjoe_overflow_swirl, monkooky_shop_alliterative, uniq_snorg
D:11:     layout_rooms, due_lair_maze_entry_diamond
D:12:     layout_long_grid, okawaru_trees_2
Temple:   nicolae_temple_elliptical

Skill      XL: |  1  2  3  4  5  6  7  8  9 10 11 |
---------------+----------------------------------+-----
Dodging        | 3 4 5 6 7 9 11 13 14 | 14.5
Unarmed Combat | 4 5 6 7 8 9 |  9.4
Shapeshifting  | 5 6 7 8 10 | 10.0
Fighting       | 3 4 6 7 8 |  8.2

Action                     |  1- 3 |  4- 6 |  7- 9 | 10-12 || total
---------------------------+-------+-------+-------+-------++-------
  Melee: Unarmed           |    65 |    72 |   345 |   188 ||   670
         Punch             |     2 |     4 |     2 |    16 ||    24
         Tailslap          |     1 |       |       |     3 ||     4
         Maw               |       |       |    16 |    17 ||    33
         Shillelagh        |       |       |       |    13 ||    13
  Throw: Dart              |       |       |     5 |    29 ||    34
  Evoke: Wand              |       |       |     5 |     3 ||     8
    Use: Scroll            |       |     3 |    14 |     9 ||    26
         Potion            |       |     3 |     6 |     7 ||    16
   Stab: Sleeping          |     2 |     1 |       |     1 ||     4
 Armour: Animal skin       |    34 |     4 |       |       ||    38
         Leather armour    |       |    25 |   116 |   111 ||   252
         Skin              |       |       |    41 |    19 ||    60
  Dodge: Dodged            |    44 |    50 |   236 |   187 ||   517
   Form: Flux              |       |       |     1 |     1 ||     2
         Maw               |       |       |     1 |       ||     1
         Beast             |       |       |       |     1 ||     1

Table legend: (Time is in decaauts)
 A = Elapsed time spent in this place.
 B = Non-inter-level travel time spent in this place.
 C = Inter-level travel time spent in this place.
 D = Time resting spent in this place.
 E = Time spent auto-exploring this place.
 F = Levels seen in this place.
 G = Mean time per level.
                   A        B        C        D        E       F      G
               +--------+--------+--------+--------+--------+-----+--------+
         Total |  10298 |   9984 |    314 |   1906 |   6341 |  14 |  735.6 |
       Dungeon |   9956 |   9673 |    283 |   1906 |   6148 |  12 |  829.7 |
        Temple |     32 |      1 |     31 |      0 |      0 |   1 |   32.0 |
       Ossuary |    309 |    309 |      0 |      0 |    193 |   1 |  309.0 |
               +--------+--------+--------+--------+--------+-----+--------+

Top non-repeatable levels by time:
     D:9: 2315 daAuts
     D:5: 1374 daAuts
     D:8: 1305 daAuts
     D:7: 991 daAuts
     D:4: 843 daAuts
     D:2: 822 daAuts
     D:6: 657 daAuts
     D:1: 650 daAuts
     D:3: 607 daAuts
 Ossuary: 309 daAuts
    D:10: 261 daAuts
    D:11: 86 daAuts
    D:12: 38 daAuts
  Temple: 32 daAuts
